 Dungeon Sprint DCSS version 0.18.1-47-g9310371 (webtiles) character file.

43 rftp080 the Twirler (level 3, 21/21 HPs)
             Began as a Gargoyle Gladiator on June 22, 2016.
             Was an Initiate of Sif Muna.
             Got out of the dungeon alive.
             The game lasted 00:00:51 (89 turns).

rftp080 the Twirler (Gargoyle Gladiator)              Turns: 89, Time: 00:00:51

Health: 21/21      AC:  8    Str: 19    XL:     3   Next: 58%
Magic:  3/3        EV: 12    Int:  8    God:    Sif Muna [......]
Gold:   0          SH:  0    Dex: 10    Spells: 0 memorised, 2 levels left

rFire  . . .     SeeInvis .     a - +0 quarterstaff
rCold  . . .     Gourm    .     b - +0 leather armour
rNeg   + . .     Faith    .     (shield currently unavailable)
rPois  ∞         Spirit   .     c - +0 helmet
rElec  +         Dismiss  .     (no cloak)
rCorr  .         Reflect  .     (no gloves)
SustAt .         Harm     .     (no boots)
MR     .....     NoTele   +     (no amulet)
Stlth  +.........               (no ring)
                                (no ring)

@: not resistant to hostile enchantments, very unstealthy
A: negative energy resistance 1, electricity resistance, unbreathing,
petrification resistance, rot immunity, AC +3
a: Renounce Religion


You escaped.
You worshipped Sif Muna.
Sif Muna was noncommittal.
You were not hungry.

You visited 1 branch

Inventory:

Hand Weapons
 a - a +0 quarterstaff (weapon)
Missiles
 d - 3 throwing nets (quivered)
Armour
 b - a +0 leather armour (worn)
 c - a +0 helmet (worn)
Scrolls
 k - a scroll of blinking
Potions
 g - a potion of heal wounds
 h - a potion of haste
 i - 2 potions of magic
Comestibles
 f - a bread ration
 l - 3 chunks of flesh


   Skills:
 - Level 2.1 Fighting
 + Level 5.6 Staves
 - Level 1.7 Throwing
 + Level 5.0 Armour
 - Level 2.4 Dodging


You had 2 spell levels left.
You didn't know any spells.

Dungeon Overview and Level Annotations

Branches:
Dungeon (1/1)

Altars:
Cheibriados
Elyvilon
Fedhas
Kikubaaqudgha
Makhleb
Nemelex Xobeh
Okawaru
Sif Muna
Trog
Vehumet
Xom
Yredelemnul
Zin
The Shining One
Beogh
Jiyva
Lugonu


Innate Abilities, Weirdness & Mutations

You are resistant to torment.
Your stone body is resilient (AC +3).
You are immune to poison.
You resist negative energy.
You are resistant to electric shocks.
You can survive without breathing.
You are immune to petrification.
You are immune to rotting.


Message History

There is a burning altar of Makhleb here.
There is an iron altar of Okawaru here.
You feel yourself speed up.
There is a radiant altar of Vehumet here.
There is a shimmering altar of Xom here.
There is a basalt altar of Yredelemnul here.
There is an ancient bone altar of Kikubaaqudgha here.
There is a glowing golden altar of the Shining One here.
There is a glowing silver altar of Zin here.
There is an open door to the Temple here.
You feel less exhausted.
There is an open door here.
Things that are here:
a club; a kobold corpse
There is an open door to the Dungeon here.
You see here a rat corpse.
There is a staircase leading out of the dungeon here.
You see here a stone.
Are you sure you want to leave the Dungeon?
This will make you lose the game!
You have escaped!

▓▓▓
▓@▓
▓.▓
▓.▓
▓.▓
▓†▓
▓)▓
▓.▓
▓.▓
▓.▓


There were no monsters in sight!

Vanquished Creatures
  A worker ant (D)
  An adder (D)
  An ooze (D)
  A bat (D)
  A bat zombie (D)
  A hobgoblin (D)
  A giant cockroach zombie (D)
  A jackal zombie (D)
  A kobold (D)
  A rat (D)
10 creatures vanquished.

Notes
Turn   | Place    | Note
--------------------------------------------------------------
     0 | D        | rftp080 the Gargoyle Gladiator began the quest for the Orb.
     0 | D        | Reached XP level 1. HP: 12/12 MP: 1/1
     7 | D        | Reached skill level 1 in Armour
    16 | D        | Reached XP level 2. HP: 17/17 MP: 2/2
    31 | D        | Reached skill level 5 in Staves
    31 | D        | Reached XP level 3. HP: 21/21 MP: 3/3
    40 | D        | Reached skill level 5 in Armour
    47 | D        | Found a glowing silver altar of Zin.
    47 | D        | Found a glowing golden altar of the Shining One.
    47 | D        | Found an ancient bone altar of Kikubaaqudgha.
    47 | D        | Found a basalt altar of Yredelemnul.
    47 | D        | Found a shimmering altar of Xom.
    47 | D        | Found a radiant altar of Vehumet.
    48 | D        | Found an iron altar of Okawaru.
    49 | D        | Found a burning altar of Makhleb.
    50 | D        | Found a deep blue altar of Sif Muna.
    51 | D        | Found a bloodstained altar of Trog.
    52 | D        | Found a sparkling altar of Nemelex Xobeh.
    53 | D        | Found a white marble altar of Elyvilon.
    54 | D        | Found a roughly hewn altar of Beogh.
    55 | D        | Found a viscous altar of Jiyva.
    56 | D        | Found a corrupted altar of Lugonu.
    57 | D        | Found a blossoming altar of Fedhas.
    58 | D        | Became a worshipper of Sif Muna the Loreminder
    61 | D        | Found a snail-covered altar of Cheibriados.
    89 | D        | Got out of the dungeon alive.

Skill      XL: |  1  2  3 |
---------------+----------+-----
Armour         | 2 4 5 |  5.0
Staves         | 4 5 |  5.6
Fighting       | |  2.1
Throwing       | |  1.7
Dodging        | |  2.4

Action                   || total
-------------------------++-------
Melee: Quarterstaff      ||    25
  Use: Potion            ||     2
Armor: Leather armour    ||     7
Dodge: Dodged            ||    14
